 Dungeon Crawl Stone Soup version 0.31-a0-1370-gf52a5a9ab3 (webtiles) character file.

Game seed: 10364469951066152975

67 grandjackal the Trooper (level 4, -4/48 HPs)
             Began as an Oni Warper on Dec 24, 2023.
             Killed from afar by an orc wizard (10 damage)
             ... with a puff of flame
             ... on level 2 of the Dungeon.
             The game lasted 00:01:26 (1301 turns).

grandjackal the Trooper (Oni Warper)                Turns: 1301, Time: 00:01:27

Health: -4/48      AC: 10    Str: 15    XL:     4   Next: 18%
Magic:  7/7        EV:  9    Int: 16    God:
Gold:   65         SH:  0    Dex:  8    Spells: 0/7 levels left

rFire   . . .        f - +1 mace (protect)
rCold   . . .        (no shield)
rNeg    . . .        b - +0 robe
rPois   .            (helmet restricted)
rElec   .            (no cloak)
rCorr   .            (gloves unavailable)
SInv    .            (boots unavailable)
Will    .....        (no amulet)
Stlth   +            (no ring)
HPRegen 0.28/turn    (no ring)
MPRegen 0.10/turn

%: no passive effects
@: confused, under a protective aura
A: large, unfitting armour, horns 1, tough skin 1, double potion healing,
drunken brawling
a: no special abilities


You were on level 2 of the Dungeon.
You visited 1 branch of the dungeon, and saw 3 of its levels.

You collected 65 gold pieces.

Inventory:

Hand Weapons
 f - a +1 mace of protection (weapon)
Missiles
 d - 7 darts of dispersal (quivered)
Armour
 b - a +0 robe (worn)
Scrolls
 c - 2 scrolls of blinking
 e - 4 scrolls of teleportation {unknown}
 g - 2 scrolls of butterflies {unknown}
 h - 2 scrolls of poison {unknown}
 j - a scroll of enchant weapon {unknown}
 l - a scroll of revelation {unknown}
 m - a scroll of acquirement {unknown}
Potions
 a - a potion of resistance {unknown}
 i - a potion of mutation {unknown}
 k - a potion of degeneration {unknown}
 n - a potion of lignification {unknown}


   Skills:
 + Level 4.0 Fighting
 + Level 2.9 Maces & Flails
 - Level 1.0 Throwing
 - Level 2.1 Dodging
 - Level 2.4 Spellcasting
 + Level 3.3 Translocations


You couldn't memorise any spells.
You knew the following spells:

 Your Spells              Type           Power      Damage    Failure   Level
a - Blink                 Tloc           24%        N/A       8%          2
b - Lesser Beckoning      Tloc           24%        N/A       8%          2
c - Teleport Other        Tloc           12%        N/A       16%         3

Your spell library contained the following spells:

 Spells                   Type           Power      Damage    Failure   Level
 Sublimation of Blood     Necr           1%         N/A       30%         2
 Manifold Assault         Tloc           12%        N/A       45%         4
 Vhi's Electric Charge    Tloc/Air       14%        N/A       69%         4
 Petrify                  Alch/Erth      1%         N/A       89%         4
 Irradiate                Conj/Alch      0%         3d11      99%         5


Dungeon Overview and Level Annotations

Branches:
Dungeon (3/15)

Altars:


Innate Abilities, Weirdness & Mutations

You are too large for most types of armour.
You have a pair of small horns on your head.
You have tough skin. (AC +1)
You gain doubled healing and magic from potions.
Whenever you drink a healing potion, you attack all around you.


Message History

You feel less confused.
You hear some strange, mumbled words.
A puff of flame appears from out of thin air!
The puff of flame hits you!
You barely miss something. Something hits you.
Something hits you but does no damage.
You closely miss something. Something hits you.
* * * LOW HITPOINT WARNING * * *
You miss something.
You hear some strange, mumbled words.
You are confused.
You bump into the rock wall.
You hear some strange, mumbled words.
Something tries to affect you, but you resist.
You closely miss something. Something hits you but does no damage.
You bump into the rock wall.
Something hits you.
* * * LOW HITPOINT WARNING * * *
You bump into the rock wall.
Something hits you.
* * * LOW HITPOINT WARNING * * *
You bump into the rock wall.
Something hits you.
* * * LOW HITPOINT WARNING * * *
You completely miss something.
You feel less confused. Something hits you.
* * * LOW HITPOINT WARNING * * *
You hit something.
Your weapon exudes an aura of protection.
Your headbutt misses something. Something hits you but does no damage.
You hear some strange, mumbled words.
A magic dart appears from out of thin air!
The magic dart hits you.
* * * LOW HITPOINT WARNING * * *
You closely miss something.
An orc wizard appears from thin air!
Reactivating autopickup.
The orc wizard casts a spell at you.
You are confused.
You're too confused to move!
The orc wizard gestures at you while chanting.
The puff of flame hits you!
You die...

#.####..# #.....#
# #.##....#
#.....# #.......#
#.....# ####.####
#.....#### #.#
########..
#.########## #.#
#.##.......# #.#
#.##.#####.# #.#
#@##.#####.# #.#
#o##.##....# #.#
#.##.##.#.(#####.#
#...>...#........#
####.......#######
#########


You could see an orc wizard.

Vanquished Creatures
  3 adders (D:2)
  2 dart slugs
  2 ball pythons
  3 endoplasms
  3 giant cockroaches
  A goblin (D:2)
  6 hobgoblins
  2 quokkas
  5 bats
  2 frilled lizards
  6 kobolds
  2 rats
37 creatures vanquished.

Notes
Turn   | Place    | Note
-------+----------+-------------------------------------------
     0 | D:1      | grandjackal the Oni Warper began the quest for the Orb.
     0 | D:1      | Reached XP level 1. HP: 22/22 MP: 3/3
    93 | D:1      | Reached skill level 3 in Fighting
    93 | D:1      | Reached XP level 2. HP: 31/31 MP: 5/5
   222 | D:1      | Found a faded altar of an unknown god.
   486 | D:1      | Learned a level 2 spell: Blink
   575 | D:2      | Reached XP level 3. HP: 33/37 MP: 6/6
   990 | D:2      | Reached skill level 4 in Fighting
   990 | D:2      | Reached XP level 4. HP: 48/48 MP: 7/7
  1018 | D:2      | Learned a level 2 spell: Lesser Beckoning
  1022 | D:2      | Learned a level 3 spell: Teleport Other
  1301 | D:2      | Killed from afar by an orc wizard

Illustrated notes

Levels and vault maps discovered:
D:1:      tarquinn_simple_flora_water_a, layout_rooms,
          chequers_ecumenical_altar_island
D:2:      layout_loops_cross
D:3:      layout_loops_ring, mainiacjoe_overflow_small_starburst,
          uniq_crazy_yiuf_cottage, uniq_natasha

Skill      XL: |  1  2  3 |
---------------+----------+-----
Fighting       | 3 4 |  4.0
Translocations | 3 |  3.3
Maces & Flails | |  2.9
Throwing       | |  1.0
Dodging        | |  2.1
Spellcasting   | |  2.4

Action                     |  1- 3 |  4- 6 || total
---------------------------+-------+-------++-------
  Melee: Mace              |    96 |    27 ||   123
         Headbutt          |    11 |     2 ||    13
         Punch             |       |     1 ||     1
 Armour: Robe              |    66 |    34 ||   100
  Dodge: Dodged            |    51 |     2 ||    53

Table legend: (Time is in decaauts)
 A = Elapsed time spent in this place.
 B = Non-inter-level travel time spent in this place.
 C = Inter-level travel time spent in this place.
 D = Time resting spent in this place.
 E = Time spent auto-exploring this place.
 F = Levels seen in this place.
 G = Mean time per level.
                   A        B        C        D        E       F      G
               +--------+--------+--------+--------+--------+-----+--------+
         Total |   1334 |   1264 |     70 |      0 |    950 |   3 |  444.7 |
       Dungeon |   1334 |   1264 |     70 |      0 |    950 |   3 |  444.7 |
               +--------+--------+--------+--------+--------+-----+--------+

Top non-repeatable levels by time:
     D:2: 801 daAuts
     D:1: 520 daAuts
     D:3: 12 daAuts
